AoeStats
← jfdsago

Arabia

510827222Analyzed
1v1 RM · 18h ago on Oct 2, 2026· 35m 20s· 2 players
Game mode
Random Map
Map size
Tiny (2 player)
Population
200
Speed
Normal
Resources
Standard
Victory
Conquest
Starting age
Dark Age
Ending age
Imperial Age
RankedLock teamsTeams togetherTeam positionsShared explorationLock speedFull tech treeHidden civsTurbo modeCheats
Victory
Defeat
🇹🇼 Huns · Taiwan
682
+29
🇬🇧 Sicilians · United Kingdom
681
-16
matsy
12:40 Feudal Age
13:00 Loom
17:08 Padded Archer Armor
22:52 Stone Mining
24:13 Fletching
37:07 Castle Age
jfdsago
4:40 Loom
13:22 Feudal Age
17:24 Castle Age
16:15 Double-Bit Axe
16:13 Horse Collar
18:54 Bow Saw
24:23 Fletching
24:35 Gold Mining
24:36 Stone Mining
24:42 Stone Mining
26:06 Town Watch
27:06 Scale Barding Armor
35:31 Marauders
Connection lost

Rejoining the realm…

Still unreachable

The connection could not be restored.

Session expired

The server has moved on; the page needs a fresh start.